 Dungeon Crawl Stone Soup version 0.25.0-9-g26727b657a (webtiles) character file.

Game seed: 1917650668785096641

690 protoss039 the Thaumaturge (level 7, -5/38 HPs)
             Began as a Deep Elf Earth Elementalist on June 19, 2020.
             Shot with an arrow by a centaur (8 damage)
             ... on level 5 of the Dungeon.
             The game lasted 00:16:05 (5406 turns).

protoss039 the Thaumaturge (DEEE)                   Turns: 5406, Time: 00:16:06

Health: -5/38      AC:  2    Str:  5    XL:     7   Next: 36%
Magic:  21/21      EV: 17    Int: 22    God:
Gold:   257        SH:  0    Dex: 15    Spells: 17/23 levels left

rFire    . . .     SeeInvis .   i - +1 short sword
rCold    . . .     Gourm    .   (no shield)
rNeg     . . .     Faith    .   c - +0 robe
rPois    .         Spirit   .   (no helmet)
rElec    .         Reflect  .   (no cloak)
rCorr    .         Harm     .   (no gloves)
MR       .....                  (no boots)
Stlth    ++........             (no amulet)
HPRegen  0.12/turn              p - +4 ring of evasion
MPRegen  0.17/turn              (no ring)

@: about to teleport
A: no striking features
a: no special abilities


You were on level 5 of the Dungeon.
You were not hungry.

You visited 2 branches of the dungeon, and saw 6 of its levels.

You collected 257 gold pieces.

Inventory:

Hand Weapons
 i - a +1 short sword (weapon)
Missiles
 b - 58 stones (quivered)
 h - 71 sling bullets
Armour
 c - a +0 robe (worn)
Jewellery
 p - a +4 ring of evasion (left hand)
Scrolls
 a - 2 scrolls of amnesia
 g - a scroll of blinking {unknown}
 j - a scroll of identify
 m - 3 scrolls of teleportation
 n - 3 scrolls of remove curse
Potions
 e - 3 potions of mutation
 k - a potion of magic
 o - 2 potions of flight
Comestibles
 d - 8 rations


   Skills:
 + Level 1.1 Fighting
 - Level 2.4 Dodging
 - Level 2.4 Stealth
 * Level 8.9 Spellcasting
 + Level 1.1 Transmutations
 + Level 6.0 Earth Magic


You had 17 spell levels left.
You knew the following spells:

 Your Spells              Type           Power        Failure   Level  Hunger
a - Sandblast             Erth           #####.       1%          1    None
b - Passwall              Tmut/Erth      ####....     2%          2    None
c - Stone Arrow           Conj/Erth      ###...       6%          3    None

Your spell library contained the following spells:

 Spells                   Type           Power        Failure   Level  Hunger
 Petrify                  Tmut/Erth      ####....     16%         4    ##.....
 Lee's Rapid Deconstruct  Erth           #####.....   16%         5    #####..


Dungeon Overview and Level Annotations

Branches:
Dungeon (5/15)             Temple (1/1) D:5

Altars:
Cheibriados
Dithmenos
Elyvilon
Fedhas
Hepliaklqana
Makhleb
Nemelex Xobeh
Okawaru
Sif Muna
Trog
Xom
Zin


Message History

The gnoll hits you from afar with a +0 spear.
* * * LOW HITPOINT WARNING * * *
You see here an arrow.
The centaur shoots an arrow.
The arrow hits you.
* * * LOW HITPOINT WARNING * * *
You see here an arrow.
Okay, then.
As you read the scroll of teleportation, it crumbles to dust.
You feel strangely unstable. The gnoll hits you with a +0 spear.
* * * LOW HITPOINT WARNING * * *
Unknown command.
Unknown command.
Okay, then.
As you read the scroll of fear, it crumbles to dust.
You assume a fearsome visage.
The leopard gecko looks frightened!
The gnoll looks frightened! x2; The orc looks frightened! x2
Unknown command.
The centaur shoots an arrow.
The arrow hits you!
You die...

## %#..
#..###...# #...
..#.# #.#. ....#
#..)##g#.###
.....≈§≈..##
#.≈§§≈≈..#..
####≈≈o≈§≈§...(
#@(ggl≈>≈≈≈##)
#.##≈§≈≈§§§#
#.##.≈≈§≈≈.#
#.c..c≈≈§..#
####..##.#......
#........#.#.$.#.
#.########.#.#.#
# #.# ###.#.#.#
#.######...#


You could see a centaur, 2 gnolls, an orc (fleeing) and a leopard gecko
(fleeing).

Vanquished Creatures
  2 phantoms
  An ogre (D:4)
  A hound (D:5)
  2 orc priests (D:4)
  6 orc wizards
  6 adders
  A worm (D:2)
  5 dart slugs
  4 leopard geckos
  16 orcs
  A ball python (D:3)
  5 bats
  5 giant cockroaches
  9 goblins
  4 hobgoblins
  6 jackals
  7 kobolds
  3 quokkas
  3 frilled lizards
  8 rats
95 creatures vanquished.

Notes
Turn   | Place    | Note
-------+----------+-------------------------------------------
     0 | D:1      | protoss039 the Deep Elf Earth Elementalist began the quest
                  | for the Orb.
     0 | D:1      | Reached XP level 1. HP: 10/10 MP: 6/6
   311 | D:1      | Reached XP level 2. HP: 15/15 MP: 6/8
  1014 | D:1      | Reached XP level 3. HP: 19/19 MP: 10/10
  1160 | D:1      | Reached skill level 4 in Spellcasting
  1632 | D:2      | Learned a level 2 spell: Passwall
  1867 | D:2      | Reached XP level 4. HP: 22/24 MP: 10/12
  2017 | D:2      | Reached skill level 5 in Spellcasting
  2133 | D:2      | Found a sparkling altar of Nemelex Xobeh.
  2162 | D:2      | Learned a level 3 spell: Stone Arrow
  2716 | D:3      | Found a blossoming altar of Fedhas.
  3065 | D:3      | Reached XP level 5. HP: 28/28 MP: 13/15
  3180 | D:3      | Reached skill level 6 in Spellcasting
  3184 | D:3      | Reached skill level 5 in Earth Magic
  3789 | D:3      | Reached skill level 1 in Fighting
  4066 | D:3      | Found a shimmering blue altar of Sif Muna.
  4234 | D:4      | Reached XP level 6. HP: 16/34 MP: 9/17
  4514 | D:4      | Reached skill level 7 in Spellcasting
  4912 | D:4      | Reached skill level 8 in Spellcasting
  4912 | D:4      | Reached XP level 7. HP: 38/38 MP: 9/20
  5091 | D:5      | Entered Level 5 of the Dungeon
  5146 | D:5      | Found a staircase to the Ecumenical Temple.
  5155 | Temple   | Entered the Ecumenical Temple
  5406 | D:5      | Shot with an arrow by a centaur

Illustrated notes

Levels and vault maps discovered:
D:1:      dpeg_arrival_houses_and_road, layout_basic
D:2:      layout_basic, nemelex_xobeh_ov_fountains_minmay
D:3:      minmay_general_purpose_star, layout_basic, lemuel_blue_sif_altar,
          serial_curves, eino_curves_01, eino_curves_02, eino_curves_01,
          fedhas_altar_fruit_tree
D:4:      layout_loops_ring, first_ration
D:5:      layout_basic, overflow_temple_1_default, minmay_temple_entry_mist,
          serial_glass, glass_columns_b, glass_columns_a, item_on_display_a,
          item_on_display_a, item_on_display_a
Temple:   eino_wide_crystal_templ

Skill      XL: |  1  2  3  4  5  6  7 |
---------------+----------------------+-----
Earth Magic    | 4 5 6 |  6.0
Spellcasting   | 4 5 6 8 |  8.9
Fighting       | 1 |  1.1
Dodging        | |  2.4
Stealth        | |  2.4
Transmutations | |  1.1

Action                   |  1- 3 |  4- 6 |  7- 9 || total
-------------------------+-------+-------+-------++-------
Melee: Hand axe          |     6 |       |       ||     6
       Short sword       |    52 |    42 |    12 ||   106
 Cast: Sandblast         |    33 |    69 |     6 ||   108
       Stone Arrow       |       |     6 |     1 ||     7
  Use: Scroll            |     6 |     3 |     2 ||    11
       Potion            |     1 |     2 |       ||     3
 Stab: Sleeping          |     5 |     2 |       ||     7
       Distracted        |       |     1 |       ||     1
  Eat: Chunk             |     3 |     9 |     2 ||    14
Armor: Robe              |    11 |    11 |     1 ||    23
Dodge: Dodged            |    58 |    54 |    11 ||   123
